 Dungeon Crawl Stone Soup version 0.31.0-32-g396128a36d (webtiles) character file.

Game seed: 12193159359508386396

2210657 JeszeEnbee the Slayer (level 27, 264/264 HPs)
             Began as a Minotaur Fighter on Apr 9, 2024.
             Was the Champion of the Shining One.
             Escaped with the Orb
             ... and 4 runes!
             The game lasted 03:09:31 (76516 turns).

JeszeEnbee the Slayer (Minotaur Fighter)           Turns: 76516, Time: 03:09:31

Health: 264/264    AC: 45    Str: 35    XL:     27
Magic:  35/35      EV: 15    Int:  2    God:    the Shining One [******]
Gold:   4584       SH: 28    Dex: 13    Spells: 26/26 levels left

rFire   + + +        C - +9 broad axe (holy)
rCold   + . .        c - +0 tower shield
rNeg    + + +        g - +6 gold dragon scales
rPois   +            I - +2 hat
rElec   +            Z - scarf {rC+ rF+}
rCorr   +            T - +2 pair of gloves {infuse}
SInv    .            P - +2 pair of boots of the Grue {rElec rF+ Will+ Stlth+}
Will    ++++.        e - amulet "Rucis" {Reflect rPois rCorr Str+4 Slay-4 SH+5} Stlth
                     k - ring of Beodghan {Will+ rCorr Str+3 Int-5 Slay+4}
HPRegen 0.64/turn    W - ring of Ynedei {Fly rPois rF- rN+ AC+4 Int+2}
MPRegen 0.24/turn

%: reflection, infuse magic (1 MP)
@: flying, glowing, studying Long Blades
A: horns 2, retaliatory headbutt, hooves 2, fire resistance 1, weak 2, cold
vulnerability 1
0: Orb of Zot
}: 4/15 runes: serpentine, barnacled, silver, abyssal
a: Renounce Religion, Divine Shield, Cleansing Flame, Summon Divine Warrior


You escaped.
You worshipped the Shining One.
The Shining One was exalted by your worship.
You visited 12 branches of the dungeon, and saw 52 of its levels.
You visited the Abyss 2 times.
You visited 1 bazaar.

You collected 7871 gold pieces.
You spent 3120 gold pieces at shops.
You donated 167 gold pieces to Zin.

Inventory:

Hand Weapons
 m - a +9 broad axe of freezing
 C - a +9 broad axe of holy wrath (weapon)
Armour
 c - a +0 tower shield (worn)
 g - +6 gold dragon scales (worn)
 I - a +2 hat (worn)
 P - the +2 pair of boots of the Grue (worn) {rElec rF+ Will+ Stlth+}
   (You acquired it on level 3 of the Snake Pit)

   rF+:       It protects you from fire.
   rElec:     It insulates you from electricity.
   Will+:     It increases your willpower.
   Stlth+:    It makes you more stealthy.
 T - a +2 pair of gloves of infusion (worn)
 Z - a scarf of resistance (worn)
Jewellery
 e - the amulet "Rucis" (around neck) {Reflect rPois rCorr Str+4 Slay-4 SH+5}
   (You took it off a vault guard on level 5 of the Vaults)

   [amulet of reflection]

   Reflect:   It reflects blocked missile attacks.
   Str+4:     It affects your strength (+4).
   Slay-4:    It affects your accuracy & damage with ranged weapons and melee
   (-4).
   rPois:     It protects you from poison rCorr: It protects you from acid and
   corrosion.
   SH+5:      It affects your SH (+5).
 k - the ring of Beodghan (left hand) {Will+ rCorr Str+3 Int-5 Slay+4}
   (You found it on level 2 of the Shoals)

   [ring of willpower]

   Str+3:     It affects your strength (+3).
   Int-5:     It affects your intelligence (-5).
   Slay+4:    It affects your accuracy & damage with ranged weapons and melee
   (+4).
   Will+:     It increases your willpower.
   rCorr:     It protects you from acid and corrosion.
 W - the ring of Ynedei (right hand) {Fly rPois rF- rN+ AC+4 Int+2}
   (You took it off a deep elf pyromancer on level 1 of the Elven Halls)

   [ring of protection]

   AC+4:      It affects your AC (+4).
   Int+2:     It affects your intelligence (+2).
   rF-:       It makes you vulnerable to fire.
   rPois:     It protects you from poison rN+: It protects you from negative
   energy.
   Fly:       It grants you flight.
Wands
 q - a wand of flame (22)
 r - a wand of quicksilver (37)
 s - a wand of iceblast (69)
 G - a wand of digging (25)
 H - a wand of mindburst (37)
 Q - a wand of polymorph (3)
 S - a wand of charming (12)
Scrolls
 f - 11 scrolls of poison
 h - 16 scrolls of fog
 p - 23 scrolls of teleportation
 u - 2 scrolls of silence
 v - 3 scrolls of blinking
 y - 5 scrolls of fear
 D - 2 scrolls of revelation
 L - 2 scrolls of brand weapon
 O - 2 scrolls of enchant weapon
 V - 2 scrolls of butterflies
Potions
 a - 7 potions of cancellation
 b - 5 potions of enlightenment
 d - 6 potions of magic
 j - 7 potions of ambrosia
 l - 9 potions of brilliance
 n - 30 potions of curing
 o - 8 potions of heal wounds
 z - 3 potions of mutation
 E - 3 potions of resistance
 J - 2 potions of attraction
 K - 4 potions of might
 M - 3 potions of haste
 N - 5 potions of berserk rage
Miscellaneous
 i - a tin of tremorstones (2/2)
 U - a box of beasts
 X - a phial of floods
 Y - a lightning rod (4/4)


   Skills:
 + Level 24.7 Fighting
 - Level 10.0 Short Blades
 + Level 24.2 Axes
 + Level 24.6 Armour
 - Level 19.2 Dodging
 + Level 24.6 Shields
 - Level 19.1 Invocations
 - Level 13.0 Evocations


You had 26 spell levels left.
You didn't know any spells.
Your spell library contained the following spells:

 Spells                   Type           Power      Damage    Failure   Level
 Apportation              Tloc           0%         N/A       98%         1
 Foxfire                  Conj/Fire      0%         2x1d4     98%         1
 Freeze                   Ice            0%         1d3       98%         1
 Magic Dart               Conj           0%         1d3       98%         1
 Shock                    Conj/Air       0%         1d3       98%         1
 Slow                     Hex            0%         N/A       98%         1
 Sting                    Conj/Alch      0%         1d3       98%         1
 Summon Small Mammal      Summ           0%         N/A       98%         1
 Ensorcelled Hibernation  Hex/Ice        0%         N/A       99%         2
 Jinxbite                 Hex            0%         N/A       99%         2
 Lesser Beckoning         Tloc           0%         N/A       99%         2
 Mercury Vapours          Alch/Air       0%         N/A       99%         2
 Scorch                   Fire           0%         2d5       99%         2
 Searing Ray              Conj           0%         2d4       99%         2
 Call Canine Familiar     Summ           0%         N/A       100%        3
 Confusing Touch          Hex            0%         N/A       100%        3
 Frozen Ramparts          Ice            0%         1d1       100%        3
 Fugue of the Fallen      Necr           0%         N/A       100%        3
 Hailstorm                Conj/Ice       0%         3d5       100%        3
 Inner Flame              Hex/Fire       0%         N/A       100%        3
 Ozocubu's Armour         Ice            0%         N/A       100%        3
 Passwall                 Erth           0%         N/A       100%        3
 Sigil of Binding         Hex            0%         N/A       100%        3
 Stone Arrow              Conj/Erth      0%         3d7       100%        3
 Summon Ice Beast         Ice/Summ       0%         N/A       100%        3
 Swiftness                Air            0%         N/A       100%        3
 Tukima's Dance           Hex            0%         N/A       100%        3
 Vampiric Draining        Necr           0%         2d6       100%        3
 Volatile Blastmotes      Fire/Tloc      0%         2d10      100%        3
 Airstrike                Air            0%         2d(0-16)  100%        4
 Anguish                  Hex/Necr       0%         N/A       100%        4
 Animate Armour           Summ/Erth      0%         N/A       100%        4
 Cause Fear               Hex            0%         N/A       100%        4
 Dimensional Bullseye     Hex/Tloc       0%         N/A       100%        4
 Flame Wave               Conj/Fire      0%         2d4       100%        4
 Fulminant Prism          Conj/Alch      0%         3d5       100%        4
 Ignite Poison            Fire/Alch      0%         N/A       100%        4
 Iskenderun's Mystic Bla  Conj/Tloc      0%         2d3       100%        4
 Manifold Assault         Tloc           0%         N/A       100%        4
 Olgreb's Toxic Radiance  Alch           0%         N/A       100%        4
 Passage of Golubria      Tloc           0%         N/A       100%        4
 Sticky Flame             Fire/Alch      0%         2d4       100%        4
 Summon Blazeheart Golem  Fire/Summ      0%         N/A       100%        4
 Vhi's Electric Charge    Tloc/Air       0%         N/A       100%        4
 Alistair's Intoxication  Alch           0%         N/A       100%        5
 Arcjolt                  Conj/Air       0%         1d10      100%        5
 Borgnjor's Vile Clutch   Necr/Erth      0%         N/A       100%        5
 Fireball                 Conj/Fire      0%         3d3       100%        5
 Irradiate                Conj/Alch      0%         3d11      100%        5
 Iskenderun's Battlesphe  Conj           0%         2d6       100%        5
 Metabolic Englaciation   Hex/Ice        0%         N/A       100%        5
 Summon Forest            Summ/Tloc      0%         N/A       100%        5
 Summon Mana Viper        Hex/Summ       0%         N/A       100%        5
 Yara's Violent Unravell  Hex/Alch       0%         3d3       100%        5
 Bombard                  Conj/Erth      0%         9d1       100%        6
 Death Channel            Necr           0%         N/A       100%        6
 Dispersal                Tloc           0%         N/A       100%        6
 Eringya's Noxious Bog    Alch           0%         4d6       100%        6
 Plasma Beam              Fire/Air       0%         2x1d10    100%        6
 Sculpt Simulacrum        Ice/Alch       0%         N/A       100%        6
 Starburst                Conj/Fire      0%         6d3       100%        6
 Summon Cactus Giant      Summ           0%         N/A       100%        6
 Enfeeble                 Hex            0%         N/A       100%        7
 Monstrous Menagerie      Summ           0%         N/A       100%        7
 Ozocubu's Refrigeration  Ice            0%         4d7       100%        7
 Spellforged Servitor     Conj/Summ      0%         N/A       100%        7
 Disjunction              Tloc           0%         N/A       100%        8
 Ignition                 Fire           0%         3d3       100%        8
 Lehudib's Crystal Spear  Conj/Erth      0%         10d2      100%        8
 Maxwell's Capacitive Co  Air            0%         ∞         100%        8
 Dragon's Call            Summ           0%         N/A       100%        9
 Polar Vortex             Ice            0%         N/A       100%        9


Dungeon Overview and Level Annotations

Branches:
Dungeon (15/15)            Temple (1/1) D:5            Lair (5/5) D:10
 Shoals (4/4) Lair:3        Snake (4/4) Lair:2        Slime (0/5) Lair:5
    Orc (2/2) D:10            Elf (3/3) Orc:2        Vaults (5/5) D:13
  Crypt (3/3) Vaults:2       Tomb (0/3) Crypt:3      Depths (4/4) D:15
   Hell (visited)             Zot (5/5) Depths:4
    Dis: Hell:1         Geh: Hell:1         Coc: Hell:1         Tar: Hell:1

Altars:
Ashenzari
Cheibriados
Dithmenos
Elyvilon
Fedhas
Gozag
Hepliaklqana
Kikubaaqudgha
Makhleb
Nemelex Xobeh
Okawaru
Qazlal
Ru
Sif Muna
Trog
Uskayaw
Vehumet
Wu Jian
Xom
Yredelemnul
Zin
The Shining One

Shops:
D:7 ([[?   Orc:2 :=[![*[[[   Elf:1 !!=*   Shoals:3 *   Vaults:2 (
Vaults:3 ([*   Vaults:4 *   Depths:1 =*   Depths:4 [

Portals:
Hell: Depths:1 Depths:4
Abyss: Depths:3 Depths:4
Pandemonium: Depths:2
Ziggurat: Depths:4

Annotations:
D:2 Sigmund
D:5 4 runed translucent doors
D:8 3 runed translucent doors, Saint1's ghost, novice MiFi; monsoonserge's ghost, novice OpSh
D:9 exclusion: oklob sapling
Lair:3 3 runed translucent doors, exclusion: oklob plant, Befuwnopp's ghost, journeyman TrHu
Lair:4 exclusion: ice statue
Crypt:2 3 runed translucent doors, Pentibyell's ghost, veteran GrEE
Hell Geryon
Zot:1 6 runed translucent doors
Zot:4 3 runed translucent doors, Dawneret's ghost, master GnFi


Innate Abilities, Weirdness & Mutations

You have a pair of horns on your head.
You reflexively headbutt those who attack you in melee.
You have hoof-like feet.
Your flesh is heat resistant. (rF+)
You are very weak. (Str -4)
You are vulnerable to cold. (rC-)


Message History

You block the sixfirhy's attack. x2
There is a stone staircase leading up, spattered with blood here.
You fly upwards.
There is a stone staircase leading down here.
You start resting.
Your extra speed is starting to run out.
You start resting.
You feel yourself slow down.
You start resting.
HP restored.
Aiming: Dig
Press: ? - help, Shift-Dir - straight line You can't see that place. [the floor.]
The rock shatters into small pieces.
A golden eye comes into view.
You miss the golden eye. You headbutt the golden eye!
You kill the golden eye!
A demonspawn black sun, a soul eater and a golden eye come into view.
The demonspawn black sun is wielding a +0 demon whip of freezing.
The demonspawn black sun shouts!
The golden eye turns its gaze towards you.
The golden eye blinks at you. You resist with almost no effort.
The golden eye blinks!
The demonspawn black sun prays to Kikubaaqudgha.
The demonspawn black sun begins absorbing vital energies!
The soul eater begins absorbing vital energies!
There is a stone staircase leading up here.
You fly upwards.
Level annotation: Sigmund
There is a stone staircase leading down here.
You see here a hobgoblin skeleton.
There is a stone staircase leading up here.
You fly upwards.
There is a stone staircase leading down here.
There is an open door here.
There is a staircase leading out of the dungeon here.
There is a staircase leading out of the dungeon here.
You have escaped!

.# ##.###....##.#####.##### .#
#...########.# #.# ##
#####...########.# #.# #
#..##.⌠..........#####)#
#..##...........(....#.#
#..##..#########.......#####
#..'...#########............
######..##..##.....######.#######
....##..##...'..@..#### #.# #
######..##..##.....##.# #.# #
##########..#########.# #.# #
....### #..# #######.# #.# #
#####.# ##.# #....##.# #.# #
#####.#####.# ##.#.##.###.# #
#.....>.....# #.......##.# #
#.###.##.#### #..........# #
#.###.##.# ###.....#### #####


There were no monsters in sight!

Vanquished Creatures
  Frederick (Crypt:2)
  3 dread liches
  3 ancient liches (Zot:5)
  7 orbs of fire
  A juggernaut (Depths:4)
  Vv (Zot:4)
  A pandemonium lord (D:14)
  Bai Suzhen (Vaults:5)
  6 Killer Klowns
  Boris (thrice) (Depths:1 Depths:2 Depths:4)
  4 curse toes
  Margery (Vaults:5)
  12 golden dragons
  A bone dragon (Depths:4)
  2 electric golems
  2 doom hounds (Zot:3)
  16 tentacled monstrosities
  A hellephant (Vaults:5)
  A Tzitzimitl (D:10)
  Jorgrun (D:12)
  Grunn (Zot:3)
  Asterion (Elf:3)
  2 liches
  A walking earthen tome (Depths:3)
  A Hell Sentinel (Zot:1)
  4 sphinxes
  24 Orb Guardians
  5 quicksilver dragons
  6 titans (Vaults:5)
  3 deep elf blademasters
  The ghost of Ominn the Severer, an adept HOBe of Trog (Shoals:3)
  A walking divine tome (Depths:4)
  2 krakens
  2 deep elf master archers (Elf:3)
  A tentacled starspawn (Abyss:3)
  Polyphemus (Shoals:1)
  An Executioner (Abyss:3)
  6 death cobs
  4 ancient champions
  Frances (Shoals:2)
  2 eldritch tentacles (Zot:1)
  Aizul (Elf:1)
  7 shadow dragons
  2 revenants (Crypt:3)
  2 tengu reavers (Vaults:5)
  Donald (Lair:3)
  6 storm dragons
  A nagaraja (Snake:4)
  11 deep elf sorcerers
  8 frost giants
  10 protean progenitors
  5 draconian knights
  10 draconian monks
  5 fire giants
  5 ghost moths
  An iron dragon (Vaults:5)
  6 deep elf elementalists
  6 draconian shifters
  14 vault wardens
  A balrug (Hell)
  2 curse skulls
  4 ghouls
  13 draconian scorchers
  A juggernaut zombie (Crypt:2)
  10 draconian stormcallers
  21 ironbound preservers
  7 draconian annihilators
  2 angels
  3 reapers
  3 orc warlords
  2 formless jellyfish
  20 very ugly things
  6 ironbound thunderhulks
  12 stone giants
  A juggernaut skeleton (Crypt:2)
  12 deep elf death magi
  9 green draconians
  A putrid mouth (Zot:3)
  13 dire elephants
  7 vampire knights
  6 purple draconians
  A spectral titan (Crypt:3)
  8 white draconians
  12 deep elf demonologists
  11 red draconians
  9 black draconians
  13 yellow draconians
  3 spark wasps
  2 war gargoyles
  11 deep elf annihilators
  2 blizzard demons (Zot:3)
  9 merfolk javelineers (Shoals:4)
  8 eidola
  A spectral quicksilver dragon (Crypt:3)
  3 spectral spriggans (Crypt:3)
  Josephine (D:10)
  4 merfolk impalers
  A mummy priest (Crypt:3)
  A crystal guardian (Vaults:1)
  11 ettins
  An entropy weaver (Vaults:2)
  3 fire dragons
  3 jiangshi
  Fannar (D:11)
  6 deep elf high priests
  A spectral fenstrider witch (Crypt:3)
  34 vault guards
  7 yaktaur captains
  4 rakshasas
  A spectral tengu (Crypt:3)
  6 great orbs of eyes
  5 ice dragons
  6 spriggan air magi
  Erolcha (Orc:2)
  2 salamander tyrants (Snake:4)
  2 peacekeepers
  2 radroaches (Zot:1)
  A jorogumo (Zot:1)
  6 merfolk avatars
  4 two-headed ogres
  5 hydras
  19 centaur warriors
  2 alligator snapping turtles
  7 ogre magi
  A death knight (Vaults:2)
  10 deep troll earth magi
  2 anacondas
  2 catoblepae
  30 dancing weapons
  3 merfolk aquamancers
  2 sphinx zombies
  6 ironbound frosthearts
  3 boulder beetles
  A two-headed ogre (shapeshifter) (Vaults:2)
  4 deep troll shamans
  4 naga warriors
  5 shock serpents
  4 vampire magi
  7 tengu warriors
  A satyr (Shoals:3)
  3 occultists
  3 spriggan berserkers (Depths:4)
  A demonic crawler (Hell)
  8 orc high priests
  7 thrashing horrors (Abyss:3)
  3 death yaks
  21 deep elf knights
  5 spectral storm dragons (Crypt:3)
  11 naga sharpshooters
  Sonja (Orc:1)
  22 hell knights
  4 soul eaters
  6 sun demons
  A spriggan (Depths:4)
  A spectral bunyip (Crypt:3)
  2 wretched stars (Abyss:3)
  A fire crab (Shoals:4)
  11 iron trolls
  13 skeletal warriors
  A storm dragon skeleton (Crypt:2)
  7 skysharks
  12 shadow wraiths (Crypt:3)
  11 sea snakes
  2 sixfirhies
  2 spectral death yaks (Lair:5)
  A spectral anaconda (Lair:5)
  5 mana vipers
  2 glowing orange brains
  An obsidian statue (Lair:5)
  6 naga ritualists
  2 sea snakes (shapeshifter)
  Lodul (D:11)
  5 arcanists
  7 spatial maelstroms (Abyss:3)
  8 deep elf archers
  A glowing orange brain (shapeshifter) (Vaults:5)
  2 bog bodies (Crypt:3)
  8 flayed ghosts
  A spectral iron dragon (Crypt:3)
  77 deep trolls
  A mana viper (shapeshifter) (Vaults:5)
  6 lindwurms
  20 ironbound convokers
  13 harpies
  4 orc sorcerers
  2 shock serpents (shapeshifter)
  13 necromancers
  3 steelbarb worms (Zot:1)
  30 deep elf zephyrmancers
  A wolf spider (shapeshifter) (Depths:4)
  2 oklob plants (D:10)
  10 fauns
  18 phantasmal warriors
  28 ugly things
  29 deep elf pyromancers
  14 orc knights
  11 salamanders
  A shining eye (shapeshifter) (Vaults:5)
  A salamander (shapeshifter) (D:13)
  5 cyclopes
  2 wolf spiders (Zot:1)
  31 moths of wrath
  18 manticores
  A stone giant zombie (Vaults:1)
  2 spectral centaurs (Crypt:3)
  5 guardian serpents
  A rust devil (Hell)
  A dire elephant zombie (Abyss:3)
  12 naga magi
  A formless jellyfish zombie (Crypt:2)
  A kobold blastminer (Orc:1)
  A black mamba (shapeshifter) (D:14)
  9 merfolk sirens
  A smoke demon (Abyss:3)
  19 black mambas
  27 vault sentinels
  23 elephants
  3 torpor snails
  A torpor snail (shapeshifter) (D:15)
  3 gargoyles
  2 dire elephant skeletons
  14 large abominations
  A death yak zombie (Crypt:3)
  An orange demon (Abyss:3)
  10 water nymphs
  9 komodo dragons
  A yaktaur zombie (Vaults:1)
  13 cane toads
  16 freezing wraiths
  6 kobold demonologists
  4 human zombies (Vaults:2)
  2 rime drakes (Lair:5)
  A tormentor (Zot:3)
  A white draconian zombie (Crypt:3)
  A hellion (Depths:1)
  3 efreet
  23 yaktaurs
  An ancient zyme (Abyss:3)
  A red draconian skeleton (Crypt:3)
  A yellow draconian skeleton (Crypt:2)
  A spectral harpy (Crypt:3)
  A catoblepas skeleton (Crypt:3)
  3 polar bears
  A pale draconian skeleton (Crypt:2)
  6 tengu conjurers
  7 guardian mummies
  A merfolk (shapeshifter) (Depths:4)
  28 merfolk
  8 trolls
  2 hornets
  6 raiju (Abyss:3)
  A troll (shapeshifter) (Elf:3)
  7 wind drakes
  A glass eye (Depths:3)
  A spectral swamp dragon (Crypt:3)
  8 snapping turtles
  A dream sheep (shapeshifter) (Vaults:5)
  A tarantella zombie (Crypt:1)
  41 blink frogs
  20 dream sheep
  A human simulacrum (Vaults:1)
  A stone giant simulacrum (Vaults:2)
  An air elemental (Elf:1)
  A slime creature (shapeshifter) (Vaults:5)
  A vampire (D:12)
  A spectral black mamba (Crypt:3)
  2 ynoxinuls (Abyss:3)
  66 yaks
  2 shadows
  A dire elephant simulacrum (Crypt:2)
  16 water elementals
  6 wyverns
  42 slime creatures
  10 wraiths
  A yak (shapeshifter) (D:14)
  An elf (Vaults:1)
  A fire bat (Shoals:4)
  A hog (shapeshifter) (Elf:1)
  A black mamba skeleton (Crypt:2)
  3 wargs
  7 humans (D:13)
  A golden eye (D:3)
  16 fire elementals
  A redback (Vaults:2)
  7 basilisks
  2 steam dragons
  A death yak simulacrum (Lair:5)
  7 vampire mosquitoes
  A neqoxec (Abyss:3)
  5 chaos spawn
  3 spectral cane toads (Lair:5)
  Edmund (D:6)
  34 nagas
  4 acid dragons
  6 spatial vortices (Abyss:3)
  5 hell hounds
  13 water moccasins
  An entropy weaver zombie (Crypt:2)
  2 glowing shapeshifter skeletons (Vaults:2)
  6 human skeletons
  38 orc warriors
  Pargi (D:4)
  A black bear (D:7)
  11 ice beasts
  4 laughing skulls (Abyss:3)
  17 ogres
  3 boggarts (Zot:4)
  4 wolves (Lair:4)
  8 centaurs
  4 elephant skeletons (Lair:5)
  2 phantoms
  4 kobold brigands
  17 bullfrogs
  4 necrophages
  2 gnoll sergeants
  2 weeping skulls (Abyss:3)
  3 earth elementals (Elf:2)
  2 cane toad simulacra (Lair:5)
  An entropy weaver simulacrum (Vaults:2)
  3 scorpions
  11 small abominations
  24 killer bees
  5 howler monkeys
  6 jellies
  A quasit (Abyss:3)
  A bullfrog skeleton (Crypt:2)
  4 bombardier beetles
  3 hounds
  28 orc priests
  A gnoll bouda (D:9)
  7 iguanas
  An iron imp (Abyss:3)
  2 sleepcaps (D:7)
  23 orc wizards
  An ice beast zombie (Crypt:3)
  A naga zombie (Crypt:2)
  A crocodile skeleton (Crypt:2)
  A howler monkey zombie (Crypt:1)
  17 gnolls
  15 adders
  A swamp drake skeleton (Crypt:1)
  7 white imps
  8 ufetubi
  4 ribbon worms
  6 dart slugs
  96 orcs
  13 ball pythons
  4 endoplasms
  4 giant cockroaches
  4 goblins
  5 hobgoblins
  8 jackals
  7 quokkas
  8 bats
  A bombardier beetle zombie (Crypt:1)
  2 frilled lizards (D:1)
  24 kobolds
  An orc skeleton (Crypt:1)
  A quokka skeleton (Crypt:3)
  2 rats
  A rat skeleton (Crypt:1)
  3 aspiring fleshes
  4 butterflies
  3 spectral weapons (Elf:3)
  2 starspawn tentacles (Abyss:3)
  10 tentacles
2431 creatures vanquished.

Vanquished Creatures (collateral kills)
  An ancient lich (Vaults:5)
  A juggernaut (Depths:4)
  A bone dragon (Zot:3)
  A tentacled monstrosity (Vaults:5)
  A death cob (Zot:3)
  A quicksilver dragon (Zot:3)
  A titan (Vaults:5)
  A shadow dragon (Vaults:5)
  A tengu reaver (Vaults:5)
  A storm dragon (Depths:4)
  A frost giant (Depths:4)
  An ironbound preserver (Vaults:5)
  A purple draconian (Depths:4)
  A deep elf annihilator (Vaults:5)
  A yaktaur captain (Vaults:5)
  4 vault guards (Vaults:5)
  A deep elf high priest (Vaults:5)
  A spriggan air mage (Depths:4)
  2 deep troll earth magi (Depths:4)
  A hell knight (Vaults:5)
  A fire crab (Shoals:4)
  A deep troll (Depths:4)
  A phantasmal warrior (Vaults:5)
  A necromancer (Vaults:5)
  2 manticores (Shoals:4)
  A vault sentinel (Vaults:5)
  5 merfolk (Shoals:4)
  A snapping turtle (Shoals:4)
  A warg (Vaults:5)
  An orc (Vaults:5)
39 creatures vanquished.

Vanquished Creatures (others)
  A Killer Klown (Zot:1)
  2 protean progenitors (Zot:1)
  An azure jelly (Zot:1)
  A draconian stormcaller (Zot:1)
  A very ugly thing (Depths:1)
  A red draconian (Zot:1)
  2 anacondas (Zot:1)
  A deep elf archer (Elf:3)
  3 deep elf pyromancers
  A deep elf zephyrmancer (Elf:1)
  2 manticores (Zot:1)
  A moth of wrath (Zot:1)
  A yaktaur (Vaults:3)
  2 guardian mummies (Zot:1)
  A spectral cane toad (Lair:5)
  A boggart (Zot:4)
  2 orcs
  4 butterflies (Zot:1)
  A lurking horror (Abyss:3)
  14 tentacles
43 creatures vanquished.

Grand Total: 2513 creatures vanquished

Notes
Turn   | Place    | Note
-------+----------+-------------------------------------------
     0 | D:1      | JeszeEnbee the Minotaur Fighter began the quest for the
                  | Orb.
     0 | D:1      | Reached XP level 1. HP: 19/19 MP: 0/0
   283 | D:1      | Reached XP level 2. HP: 26/26 MP: 1/1
   475 | D:1      | Reached XP level 3. HP: 31/31 MP: 2/2
   791 | D:2      | Reached skill level 5 in Axes
   883 | D:2      | Found a shimmering altar of Xom.
   923 | D:2      | Noticed Sigmund
  1065 | D:2      | Reached XP level 4. HP: 39/39 MP: 3/3
  2024 | D:4      | Reached XP level 5. HP: 41/45 MP: 4/4
  2362 | D:4      | Noticed Pargi
  2363 | D:4      | Noticed a yak
  2382 | D:4      | Killed Pargi
  2383 | D:4      | Reached XP level 6. HP: 44/51 MP: 5/5
  2389 | D:4      | Noticed a yak
  2391 | D:4      | Noticed a yak
  2396 | D:3      | Killed a yak
  2539 | D:3      | Killed a yak
  2540 | D:3      | Reached XP level 7. HP: 44/57 MP: 6/6
  2541 | D:3      | Killed a yak
  2542 | D:3      | Reached skill level 10 in Axes
  3076 | D:5      | Entered Level 5 of the Dungeon
  3199 | D:5      | Reached XP level 8. HP: 45/66 MP: 7/7
  3290 | D:5      | Found a staircase to the Ecumenical Temple.
  3314 | Temple   | Entered the Ecumenical Temple
  3339 | Temple   | Became a worshipper of Zin the Law-Giver
  3339 | Temple   | Reached * piety under Zin
  3380 | D:5      | Found a large runed translucent door.
  3381 | D:5      | Found a large runed translucent door.
  3612 | D:5      | Found a large runed translucent door.
  3613 | D:5      | Found a large runed translucent door.
  3729 | D:5      | Reached skill level 5 in Armour
  3729 | D:5      | Reached skill level 5 in Shields
  3783 | D:5      | Reached skill level 5 in Fighting
  3786 | D:5      | Reached ** piety under Zin
  4302 | D:5      | Reached XP level 9. HP: 66/75 MP: 8/8
  4494 | D:6      | Noticed Edmund
  4515 | D:6      | Killed Edmund
  4593 | D:6      | Found a white marble altar of Elyvilon.
  4606 | D:6      | Identified the beast talisman "Zeriammae" {*Corrode Dex+4}
  5297 | D:7      | Donated 137 gold pieces to Zin
  5314 | D:7      | Found Qeucse's Magic Scroll Boutique.
  5328 | D:7      | Bought a scroll of teleportation for 45 gold pieces
  5328 | D:7      | Bought a scroll of noise for 15 gold pieces
  5387 | D:7      | Identified the +12 rapier "Tung" {freeze, *Noise Str+3
                  | Stlth+}
  5410 | D:7      | Found Dyddebuh's Armour Shop.
  5511 | D:7      | Reached skill level 1 in Short Blades
  5668 | D:7      | Found Omeliev's Weapon Emporium.
  5747 | D:7      | Found a glowing golden altar of the Shining One.
  5752 | D:7      | Found a shimmering blue altar of Sif Muna.
  5754 | D:7      | Fell from the grace of Zin
  5754 | D:7      | Became a worshipper of the Shining One
  5756 | D:7      | Found a burning altar of Makhleb.
  5757 | D:7      | Found a bloodstained altar of Trog.
  5757 | D:7      | Found an iron altar of Okawaru.
  5758 | D:7      | Found a sparkling altar of Nemelex Xobeh.
  5759 | D:7      | Found a basalt altar of Yredelemnul.
  5760 | D:7      | Found a radiant altar of Vehumet.
  5761 | D:7      | Found an ornate altar of the Wu Jian Council.
  5762 | D:7      | Found a hazy altar of Hepliaklqana.
  5808 | D:7      | Reached * piety under the Shining One
  6096 | D:7      | Found Qaomm's Armour Shoppe.
  6658 | D:8      | Reached XP level 10. HP: 82/86 MP: 9/9
  6762 | D:8      | Reached skill level 5 in Short Blades
  6895 | D:8      | Noticed a two-headed ogre
  7254 | D:8      | Found a runed translucent gate.
  7255 | D:8      | Found a runed translucent gate.
  7256 | D:8      | Found a runed translucent gate.
  7257 | D:8      | Noticed monsoonserge's ghost (novice OpSh)
  7257 | D:8      | Noticed Saint1's ghost (novice MiFi)
  7296 | D:8      | Killed a two-headed ogre
  7431 | D:8      | Found a stormy altar of Qazlal.
  7586 | D:9      | Identified the +1 leather armour "Piugg" {-Tele rElec
                  | Will+++ MP+9}
  7642 | D:9      | You fall into a shaft and drop 3 floors!
  7725 | D:11     | Noticed a gargoyle
  7725 | D:11     | Noticed a two-headed ogre
  7761 | D:12     | Noticed a boulder beetle
  7970 | D:12     | Reached ** piety under the Shining One
  8443 | D:11     | Reached XP level 11. HP: 43/97 MP: 10/10
  8644 | D:10     | Entered Level 10 of the Dungeon
  8644 | D:10     | Noticed an oklob plant
  8644 | D:10     | Noticed an oklob plant
  8644 | D:10     | Found a staircase to the Lair.
  8663 | D:10     | Found a snail-covered altar of Cheibriados.
  8759 | D:10     | Noticed a purple ugly thing
  8770 | D:10     | Killed a purple ugly thing
  8963 | D:10     | Noticed a soul eater
  8966 | D:10     | Noticed a soul eater
  9710 | D:9      | Reached *** piety under the Shining One
 10422 | D:10     | Reached skill level 10 in Fighting
 10422 | D:10     | Reached skill level 10 in Armour
 10422 | D:10     | Reached skill level 10 in Shields
 10760 | D:10     | Found a staircase to the Orcish Mines.
 11039 | D:10     | Killed an oklob plant
 11197 | D:10     | Killed an oklob plant
 11245 | Lair:1   | Entered Level 1 of the Lair of Beasts
 11253 | Lair:1   | Reached skill level 1 in Invocations
 11295 | Lair:1   | Reached skill level 10 in Short Blades
 11650 | Lair:1   | Reached XP level 12. HP: 88/107 MP: 12/12
 11746 | Lair:1   | Reached **** piety under the Shining One
 12688 | Lair:1   | Noticed a catoblepas
 12697 | Lair:1   | Killed a catoblepas
 12716 | Lair:2   | Reached skill level 5 in Invocations
 13147 | Lair:2   | Reached XP level 13. HP: 111/118 MP: 16/16
 13336 | Lair:2   | Found a staircase to the Snake Pit.
 14069 | Lair:3   | Noticed a minotaur
 14070 | Lair:3   | Noticed Befuwnopp's ghost (journeyman TrHu)
 14086 | Lair:3   | Found a runed translucent gate.
 14086 | Lair:3   | Found a runed translucent gate.
 14086 | Lair:3   | Found a runed translucent gate.
 14123 | Lair:3   | Found a staircase to the Shoals.
 15498 | Lair:4   | Reached ***** piety under the Shining One
 16300 | Orc:1    | Entered Level 1 of the Orcish Mines
 16300 | Orc:1    | Noticed an orc warlord
 16353 | D:11     | Found a burning altar of Makhleb.
 16465 | D:11     | Noticed Lodul
 16483 | D:11     | Killed Lodul
 16602 | D:11     | Paralysed by a hornet for 2 turns
 16698 | D:11     | Noticed Fannar
 16709 | D:11     | Killed Fannar
 17195 | D:12     | Noticed Jorgrun
 17805 | D:12     | Killed Jorgrun
 17806 | D:12     | Reached XP level 14. HP: 107/130 MP: 17/19
 18458 | D:10     | Killed an orc warlord
 19216 | Orc:1    | Noticed Josephine
 19317 | D:10     | Killed Josephine
 19771 | Orc:1    | Noticed Sonja
 19785 | Orc:1    | Killed Sonja
 20041 | Orc:2    | Entered Level 2 of the Orcish Mines
 20303 | Orc:2    | Found Zoykkus's General Store.
 20381 | Orc:2    | Found a staircase to the Elven Halls.
 20446 | Orc:2    | Found Gituskil's Book Shop.
 20553 | Orc:2    | Found Xobroiso's Armour Shop.
 20643 | Orc:2    | Found Ottaipai's Antique Armour Boutique.
 20651 | Orc:2    | Noticed Erolcha
 20797 | Orc:2    | Bought a +0 cloak for 63 gold pieces
 20849 | Orc:2    | Killed Erolcha
 20980 | Orc:2    | Reached ****** piety under the Shining One
 22136 | Orc:2    | Found Fept's Antique Armour Boutique.
 22508 | Orc:2    | Found Faami's Distillery.
 22511 | Orc:2    | Found Ynoinij's Antique Armour Shoppe.
 22512 | Orc:2    | Found Dugykob's Antique Armour Emporium.
 22513 | Orc:2    | Found Lanameh's Jewellery Emporium.
 22525 | Orc:2    | Bought an amulet of reflection for 420 gold pieces
 22527 | Orc:2    | Bought an ichor-stained plate armour for 812 gold pieces
 22527 | Orc:2    | Identified the +5 plate armour of Space {Str+2} (You bought
                  | it in a shop on level 2 of the Orcish Mines)
 22593 | Orc:2    | Bought a smoking plate armour for 728 gold pieces
 22593 | Orc:2    | Identified the +4 plate armour "Koonuygo" {rC+} (You bought
                  | it in a shop on level 2 of the Orcish Mines)
 23237 | D:13     | Reached XP level 15. HP: 121/139 MP: 21/21
 23286 | D:13     | Reached skill level 15 in Armour
 23329 | D:13     | Found a gate to the Vaults.
 23359 | D:13     | Reached skill level 15 in Shields
 23429 | D:13     | Identified the +0 ring mail "Motiut" {rPois Int+3}
 23459 | D:13     | Reached skill level 15 in Fighting
 23534 | D:13     | Identified the +1 ring mail of Xocsute {Rampage Regen+
                  | Str+2}
 23885 | Lair:5   | Entered Level 5 of the Lair of Beasts
 24735 | Lair:5   | Found a staircase to the Slime Pits.
 24749 | Lair:5   | Reached skill level 10 in Invocations
 25762 | Lair:5   | Identified the ring "Qeer" {rElec rCorr}
 26187 | Snake:1  | Entered Level 1 of the Snake Pit
 28718 | Snake:3  | Identified 2 scrolls of acquirement
 28718 | Snake:3  | Acquired the amulet of Usyfis {Acrobat Regen+}
 28723 | Snake:3  | Acquired the +2 pair of boots of the Grue {rElec rF+ Will+
                  | Stlth+}
 28766 | Snake:3  | Reached XP level 16. HP: 96/151 MP: 23/23
 29147 | Snake:3  | Reached skill level 15 in Axes
 29855 | Shoals:1 | Entered Level 1 of the Shoals
 29855 | Shoals:1 | Noticed Donald
 30167 | Lair:3   | Killed Donald
 31787 | Shoals:2 | Noticed Polyphemus
 31943 | Shoals:1 | Killed Polyphemus
 32228 | Shoals:2 | Noticed Frances
 32264 | Shoals:2 | Killed Frances
 32431 | Shoals:2 | Identified the ring of Beodghan {Will+ rCorr Str+3 Int-5
                  | Slay+4}
 32954 | Shoals:3 | Found Ycoened's General Store.
 33153 | Shoals:3 | Found a runed translucent gate.
 33153 | Shoals:3 | Found a runed translucent gate.
 33153 | Shoals:3 | Found a runed translucent gate.
 33153 | Shoals:3 | Noticed Ominn's ghost (adept HOBe)
 33896 | Snake:4  | Entered Level 4 of the Snake Pit
 34093 | Snake:4  | Reached XP level 17. HP: 161/161 MP: 25/25
 35263 | Snake:4  | Identified the +5 falchion "Trog's Indignation" {venom,
                  | +Blink rC+ rN+}
 35358 | Snake:4  | Got a serpentine rune of Zot
 35727 | Shoals:4 | Entered Level 4 of the Shoals
 36272 | Shoals:4 | Noticed a kraken
 36813 | Shoals:4 | Identified the +5 orcbow of Zupuleud {speed, ^Drain rCorr
                  | Int+5 Dex+2}
 37870 | Shoals:4 | Killed a kraken
 37880 | Shoals:4 | Got a barnacled rune of Zot
 37995 | Shoals:3 | Killed Ominn's ghost
 38615 | D:14     | Reached XP level 18. HP: 163/172 MP: 26/26
 39192 | D:15     | Entered Level 15 of the Dungeon
 39532 | D:15     | Found a staircase to the Depths.
 40204 | Vaults:1 | Entered Level 1 of the Vaults
 42219 | Vaults:2 | Reached XP level 19. HP: 169/182 MP: 28/28
 42719 | Vaults:2 | Found a staircase to the Crypt.
 42824 | Vaults:2 | Identified the +0 ring mail "Onistr Raub" {rC++ Regen+
                  | Dex-4}
 42848 | Vaults:2 | Found Gaist's Weapon Shop.
 42952 | Vaults:2 | Identified the +1 robe of the Mashing Gods {Harm Str+3}
 44008 | Orc:2    | Bought a pair of runed gloves for 195 gold pieces
 44344 | Crypt:1  | Entered Level 1 of the Crypt
 44479 | Vaults:3 | Found Huofets's Antique Weapon Shoppe.
 45085 | Vaults:3 | Found Haymako Ubri's Assorted Antiques.
 45145 | Vaults:3 | Found Noifog's Armour Emporium.
 45262 | Vaults:3 | Identified the +6 falchion "Yfyn" {flame, Int-3 Dex+3 SInv}
 45781 | Vaults:4 | Reached skill level 15 in Invocations
 46302 | Vaults:4 | Reached XP level 20. HP: 138/193 MP: 30/30
 46417 | Vaults:4 | Found Jahov's General Store.
 46425 | Vaults:4 | Bought a scroll of enchant weapon for 142 gold pieces
 46454 | Vaults:4 | Identified the +2 spear of Disorder {flame, rF+ rN+ Will+
                  | Dex-5}
 47814 | Elf:1    | Entered Level 1 of the Elven Halls
 47873 | Elf:1    | Found a flickering gateway to a bazaar.
 47882 | Bazaar   | Entered a bazaar
 47882 | Bazaar   | Found Umidd's General Store.
 47882 | Bazaar   | Found Wujutela's Antique Armour Emporium.
 47954 | Bazaar   | Found Pasushat's Magic Scroll Boutique.
 47973 | Bazaar   | Found Jiuzidoc's Antique Weapon Shoppe.
 47984 | Bazaar   | Found Feeluv's Book Boutique.
 48011 | Bazaar   | Bought a potion of berserk rage for 80 gold pieces
 48122 | Bazaar   | Bought a scroll of teleportation for 21 gold pieces
 48122 | Bazaar   | Bought a scroll of teleportation for 21 gold pieces
 48156 | Bazaar   | Bought a pair of runed gloves for 322 gold pieces
 48418 | Elf:1    | Identified the serpent talisman of the Fresh God {rN+}
 48418 | Elf:1    | Noticed Aizul
 48429 | Elf:1    | Killed Aizul
 48808 | Elf:1    | Identified the +7 long sword of Demonkind {flame, Str+3
                  | Int+2}
 48934 | Elf:1    | Identified the ring of Ynedei {Fly rPois rF- rN+ AC+4
                  | Int+2}
 49042 | Elf:1    | Found Mottuank's Jewellery Emporium.
 49045 | Elf:1    | Found Vaschugi's General Store.
 49045 | Elf:1    | Found Dezaonab's Distillery.
 49048 | Elf:1    | Found Riatru's Distillery.
 49059 | Elf:1    | Bought a potion of might for 64 gold pieces
 49059 | Elf:1    | Bought 2 potions of might for 128 gold pieces
 49059 | Elf:1    | Bought a potion of might for 64 gold pieces
 49403 | Elf:2    | Found a shimmering blue altar of Sif Muna.
 49584 | Elf:2    | Found a runed translucent gate.
 49585 | Elf:2    | Found a runed translucent gate.
 49585 | Elf:2    | Found a runed translucent gate.
 50263 | Elf:2    | Reached XP level 21. HP: 194/204 MP: 32/32
 50540 | Elf:3    | Entered Level 3 of the Elven Halls
 50655 | Elf:3    | Noticed Asterion
 50670 | Elf:3    | Killed Asterion
 50779 | Elf:3    | Identified the +3 chain mail of Inviolability {rElec}
 51538 | Abyss:3  | Cast into level 3 of the Abyss (a deep elf sorcerer)
 51613 | Abyss:3  | Reached skill level 1 in Dodging
 51614 | Abyss:3  | Found a corrupted altar of Lugonu.
 51620 | Abyss:3  | Found a burning altar of Makhleb.
 51631 | Abyss:3  | Found a corrupted altar of Lugonu.
 51828 | Abyss:3  | Found a corrupted altar of Lugonu.
 51864 | Abyss:3  | Found a corrupted altar of Lugonu.
 51894 | Abyss:3  | Found a corrupted altar of Lugonu.
 51917 | Abyss:3  | Found a corrupted altar of Lugonu.
 51941 | Abyss:3  | Reached skill level 5 in Dodging
 51951 | Abyss:3  | Got an abyssal rune of Zot
 51954 | Elf:3    | Escaped the Abyss
 52181 | Elf:3    | HP: 6/204 [Brimstone Fiend[a deep elf demonologist] (10)]
 52472 | Abyss:3  | Cast into level 3 of the Abyss (a deep elf demonologist)
 52478 | Abyss:3  | Found a corrupted altar of Lugonu.
 52640 | Abyss:3  | Reached skill level 10 in Dodging
 52687 | Elf:3    | Escaped the Abyss
 52715 | Elf:3    | Identified the +5 war axe of Income {pain, rF+ Str+2 Int+2}
 52715 | Elf:3    | Identified the ring "Rumag" {^Drain Fly rElec rN+ Int+3}
 52905 | Elf:3    | Identified the +9 long sword "Ityrus Tiabb" {holy, Will-
                  | rCorr Int+8 Dex-4}
 52998 | Elf:3    | Identified the +1 long sword of Yrusow {flame, rCorr}
 53174 | Elf:3    | Identified the +6 chain mail of Shielding {rF++ Int-4
                  | Dex+2}
 53205 | Elf:3    | Identified the +7 spear of Makhleb's Envy {drain, *Slow rF+
                  | Str+4}
 53206 | Elf:3    | Identified the +0 pair of gloves "Jenkallewo" {Regen+}
 53244 | Elf:3    | Found the +8 frozen axe "Frostbite" {freeze, freezing
                  | cloud, *Noise Fly rC+}
 53245 | Elf:3    | Found the +10 Black Knight's barding {ponderous, rPois rN+}
 53269 | Elf:3    | Identified the +0 helmet of Meilit {rC+++ rN++ Str+3 Int-4
                  | Slay-5}
 53308 | Elf:3    | Identified a +9 broad axe of holy wrath (a +7 broad axe of
                  | flaming blessed by the Shining One)
 53308 | Elf:3    | Received a gift from the Shining One
 54443 | Crypt:1  | Reached XP level 22. HP: 213/213 MP: 33/33
 54924 | Crypt:2  | Found a runed translucent gate.
 54924 | Crypt:2  | Found a runed translucent gate.
 54924 | Crypt:2  | Found a runed translucent gate.
 54928 | Crypt:2  | Noticed Pentibyell's ghost (veteran GrEE)
 54968 | Crypt:2  | Identified the orb of Vehumet's Hatred {light, rCorr
                  | Stlth+}
 54968 | Crypt:2  | Noticed Frederick
 54987 | Crypt:2  | Killed Frederick
 55156 | Crypt:2  | Identified the staff "Nidig" {^Contam rF+ rN+++ rCorr
                  | Stlth- Fire}
 55510 | Crypt:3  | Entered Level 3 of the Crypt
 55596 | Crypt:3  | Identified the +8 war axe of Makhleb {flame, rPois rF+ rN++
                  | Dex-4}
 56769 | Crypt:3  | Reached skill level 15 in Dodging
 57114 | Crypt:3  | Identified the +8 triple sword "Equppaivef" {drain, rElec
                  | rPois rC+++ Int-3}
 57119 | Crypt:3  | Identified the ring "Gouvvuh" {rN+ Will+ Dex+5}
 57119 | Crypt:3  | Identified the ring "Xyzymouce" {rElec rC- rN+ Str+3 Int+2}
 57293 | Crypt:3  | Found a staircase to the Tomb.
 57514 | Vaults:5 | Entered Level 5 of the Vaults
 57535 | Vaults:5 | Noticed a golden dragon
 57553 | Vaults:5 | Killed a golden dragon
 57952 | Vaults:5 | Identified the ring of the Median {rC+ Will+}
 57998 | Vaults:5 | Noticed Margery
 58014 | Vaults:5 | Killed Margery
 58018 | Vaults:5 | Reached XP level 23. HP: 220/220 MP: 26/35
 58118 | Vaults:5 | Noticed a dread lich
 58413 | Vaults:5 | Noticed an ancient lich
 58419 | Vaults:5 | Killed an ancient lich
 58442 | Vaults:5 | Noticed a dread lich
 58458 | Vaults:5 | Killed a dread lich
 58653 | Vaults:5 | Killed a dread lich
 58678 | Vaults:5 | Identified the +0 helmet of Nemelex Xobeh's Envy {Int+4}
 58687 | Vaults:5 | Identified the staff of Qazlal's Outrage {^Drain rPois rC++
                  | rCorr Ice Alchemy}
 59042 | Vaults:5 | Identified the +0 pair of boots "Nyostaz" {Harm Str+2}
 59184 | Vaults:5 | Got a silver rune of Zot
 59248 | Vaults:5 | Noticed Bai Suzhen
 59258 | Vaults:5 | Killed Bai Suzhen
 59509 | Vaults:5 | Identified the amulet "Rucis" {Reflect rPois rCorr Str+4
                  | Slay-4 SH+5}
 60167 | Depths:1 | Entered Level 1 of the Depths
 60175 | Depths:1 | Noticed Boris
 60184 | Depths:1 | Reached skill level 1 in Evocations
 60188 | Depths:1 | Killed Boris
 60418 | Depths:1 | Found a gateway to Hell.
 60693 | Depths:1 | Found Xiujet's Jewellery Emporium.
 60736 | Depths:1 | Found Gozag's Platinum Reserve.
 60741 | Depths:1 | Found an opulent altar of Gozag.
 60958 | Hell     | Entered the Vestibule of Hell
 60958 | Hell     | Noticed Geryon
 61121 | Depths:2 | Reached XP level 24. HP: 187/229 MP: 14/35
 61279 | Depths:2 | Found a one-way gate leading to the halls of Pandemonium.
 61476 | Depths:2 | Identified the +0 robe "Ruygyut" {Int+5}
 61498 | Depths:2 | Reached skill level 5 in Evocations
 61505 | Depths:2 | Noticed Boris
 61732 | Depths:2 | Killed Boris
 62147 | Depths:2 | Got the Atlas of Darkness and Shifting
 63001 | Depths:3 | Found a one-way gate to the infinite horrors of the Abyss.
 63509 | Depths:3 | You are sucked into a shaft and drop 1 floor!
 63509 | Depths:4 | Entered Level 4 of the Depths
 63573 | Depths:4 | Noticed Boris
 63586 | Depths:4 | Killed Boris
 63902 | Depths:4 | Noticed a juggernaut
 63929 | Depths:4 | Killed a juggernaut
 64209 | Depths:4 | Found a gate to the Realm of Zot.
 64587 | Depths:4 | Found a one-way gateway to a ziggurat.
 64779 | Depths:4 | Found Daapriem's Antique Armour Shoppe.
 64908 | Depths:4 | Noticed a juggernaut
 64916 | Depths:4 | Killed a juggernaut
 65436 | Depths:4 | Acquired the +14 crystal plate armour of the Barnacle
                  | {Stlth+}
 65519 | Zot:1    | Entered Level 1 of the Realm of Zot
 65981 | Zot:1    | Reached XP level 25. HP: 172/240 MP: 22/35
 66411 | Zot:1    | Found a large runed translucent door.
 66412 | Zot:1    | Found a large runed translucent door.
 66413 | Zot:1    | Found a large runed translucent door.
 66413 | Zot:1    | Found a shimmering altar of Xom.
 66413 | Zot:1    | Identified the +2 glaive "Isi Fami" {chaos, rElec rF+ rCorr
                  | Dex+4}
 66413 | Zot:1    | Identified the +4 ring mail of Xulluakkef {^Contam +Blink
                  | Fly rPois}
 66437 | Zot:1    | Noticed a Killer Klown
 66452 | Zot:1    | Killed a Killer Klown
 66468 | Zot:1    | Killed a Killer Klown
 66565 | Zot:1    | Identified the +3 hand cannon of Watchfulness {chaos, rC+
                  | Will- Dex+3 SInv}
 66565 | Zot:1    | Identified the +1 robe of Responsibility {Rampage rF+}
 66566 | Zot:1    | Noticed a Killer Klown
 66567 | Zot:1    | Found a large runed translucent door.
 66569 | Zot:1    | Found a large runed translucent door.
 66577 | Zot:1    | Killed a Killer Klown
 66591 | Zot:1    | Found a large runed translucent door.
 66591 | Zot:1    | Found a large runed translucent door.
 66594 | Zot:1    | Found a large runed translucent door.
 66594 | Zot:1    | Noticed a Killer Klown
 66603 | Zot:1    | Gained mutation: Your health recovers twice as slowly from
                  | being drained. [mutagenic glow]
 66617 | Zot:1    | Killed a Killer Klown
 66628 | Zot:1    | Gained mutation: You occasionally lose the ability to read
                  | scrolls when taking damage. [mutagenic glow]
 66646 | Zot:1    | Reached skill level 10 in Evocations
 66651 | Zot:1    | Gained mutation: You sometimes lose your temper in combat.
                  | [mutagenic glow]
 66663 | Zot:1    | Gained mutation: You have hidden genetic defects.
                  | [mutagenic glow]
 66921 | Zot:1    | Gained mutation: You have an uncontrollable temper.
                  | [mutagenic glow]
 66936 | Zot:1    | Gained mutation: Armour fits poorly on your strangely
                  | shaped body. [mutagenic glow]
 66948 | Zot:1    | Gained mutation: Your mind is acute. (Int +4, Str/Dex -1)
                  | [mutagenic glow]
 67271 | Zot:1    | Identified the +3 battleaxe of Abomination {chaos, Int+4}
 67271 | Zot:1    | Identified the +0 chain mail of Misanthropy {rN+ Will+}
 67421 | Zot:1    | Identified the +3 dire flail of Valuable Assets {chaos,
                  | rElec rN+ Str-5 SInv}
 68066 | Zot:2    | Lost mutation: Your mind is acute. (Int +4, Str/Dex -1)
                  | [potion of mutation]
 68066 | Zot:2    | Lost mutation: Your health recovers twice as slowly from
                  | being drained. [potion of mutation]
 68066 | Zot:2    | Lost mutation: Armour fits poorly on your strangely shaped
                  | body. [potion of mutation]
 68066 | Zot:2    | Lost mutation: You have an uncontrollable temper. [potion
                  | of mutation]
 68066 | Zot:2    | Gained mutation: You are agile. (Dex +4, Str/Int -1)
                  | [potion of mutation]
 68709 | Zot:2    | Lost mutation: You are agile. (Dex +4, Str/Int -1) [hidden
                  | defects]
 69198 | Zot:2    | Identified the +0 ring mail of Honour {+Blink rElec Int-2
                  | SInv}
 69889 | Zot:2    | Identified the +0 chain mail "Ynwilemi" {rF+ rCorr MP+9}
 70064 | Zot:3    | Noticed Grunn
 70091 | Zot:3    | Killed Grunn
 70839 | Zot:3    | Gained mutation: You have terrible hidden genetic defects.
                  | [hidden defects]
 70839 | Zot:3    | Lost mutation: You have terrible hidden genetic defects.
                  | [hidden defects expressed]
 71529 | Zot:3    | Reached XP level 26. HP: 251/251 MP: 33/35
 71579 | Zot:3    | Noticed an orb of fire
 71585 | Zot:3    | Gained mutation: Your body sometimes deteriorates upon
                  | taking damage. [an orb of fire]
 71592 | Zot:3    | Killed an orb of fire
 71611 | Zot:3    | Gained mutation: You occasionally shout uncontrollably at
                  | your foes. [hidden defects]
 72483 | Zot:4    | Noticed Vv
 72774 | Zot:4    | Killed Vv
 72810 | Zot:3    | Lost mutation: You occasionally shout uncontrollably at
                  | your foes. [potion of mutation]
 72810 | Zot:3    | Lost mutation: You sometimes lose your temper in combat.
                  | [potion of mutation]
 72810 | Zot:3    | Lost mutation: Your body sometimes deteriorates upon taking
                  | damage. [potion of mutation]
 72810 | Zot:3    | Gained mutation: Your spells are a little easier to cast,
                  | but a little less powerful. [potion of mutation]
 72810 | Zot:3    | Gained mutation: Your flesh is heat resistant. (rF+)
                  | [potion of mutation]
 72845 | Zot:4    | Noticed an orb of fire
 72855 | Zot:4    | Killed an orb of fire
 72856 | Zot:4    | Noticed an orb of fire
 72858 | Zot:4    | Gained mutation: You are vulnerable to cold. (rC-) [an orb
                  | of fire]
 72864 | Zot:4    | Gained mutation: You sometimes lose your temper in combat.
                  | [hidden defects]
 72864 | Zot:4    | Lost mutation: You have hidden genetic defects. [hidden
                  | defects expressed]
 72867 | Zot:4    | Gained mutation: You are weak. (Str -2) [an orb of fire]
 72870 | Zot:4    | Killed an orb of fire
 73467 | Zot:4    | Found a runed translucent gate.
 73468 | Zot:4    | Found a runed translucent gate.
 73606 | Zot:4    | Found a runed translucent gate.
 73610 | Zot:4    | Noticed Dawneret's ghost (master GnFi)
 73759 | Zot:5    | Entered Level 5 of the Realm of Zot
 74308 | Zot:5    | Noticed an orb of fire
 74308 | Zot:5    | Noticed an orb of fire
 74320 | Zot:5    | Noticed an orb of fire
 74321 | Zot:5    | Killed an orb of fire
 74323 | Zot:5    | Noticed an ancient lich
 74333 | Zot:5    | Killed an orb of fire
 74339 | Zot:5    | Killed an orb of fire
 74351 | Zot:5    | Killed an ancient lich
 74353 | Zot:5    | Noticed an ancient lich
 74355 | Zot:5    | Noticed an orb of fire
 74356 | Zot:5    | Noticed an ancient lich
 74364 | Zot:5    | Gained mutation: Armour fits poorly on your strangely
                  | shaped body. [an orb of fire]
 74365 | Zot:5    | Gained mutation: Your health recovers twice as slowly from
                  | being drained. [an orb of fire]
 74368 | Zot:5    | Gained mutation: You are very weak. (Str -4) [an orb of
                  | fire]
 74376 | Zot:4    | Gained mutation: You sometimes lose the ability to read
                  | scrolls when taking damage. [an orb of fire]
 74384 | Zot:4    | Killed an orb of fire
 74891 | Zot:5    | Lost mutation: Your health recovers twice as slowly from
                  | being drained. [potion of mutation]
 74891 | Zot:5    | Lost mutation: You sometimes lose your temper in combat.
                  | [potion of mutation]
 74891 | Zot:5    | Lost mutation: Your spells are a little easier to cast, but
                  | a little less powerful. [potion of mutation]
 74891 | Zot:5    | Gained mutation: You have large cloven feet. [potion of
                  | mutation]
 74892 | Zot:5    | Lost mutation: Armour fits poorly on your strangely shaped
                  | body. [potion of mutation]
 74892 | Zot:5    | Lost mutation: You sometimes lose the ability to read
                  | scrolls when taking damage. [potion of mutation]
 74892 | Zot:5    | Lost mutation: You occasionally lose the ability to read
                  | scrolls when taking damage. [potion of mutation]
 74892 | Zot:5    | Gained mutation: You have hoof-like feet. [potion of
                  | mutation]
 75085 | Zot:5    | Killed an ancient lich
 75090 | Zot:5    | Noticed an ancient lich
 75101 | Zot:5    | Killed an ancient lich
 75157 | Zot:5    | Noticed a dread lich
 75168 | Zot:5    | Killed a dread lich
 75477 | Zot:5    | Got the Orb of Zot
 75484 | Zot:5    | Reached XP level 27. HP: 253/264 MP: 28/35
 75759 | D:14     | Noticed Zuesyush the pandemonium lord
 75801 | D:14     | Killed Zuesyush the pandemonium lord
 76068 | D:11     | Noticed Puyxurph the pandemonium lord
 76298 | D:4      | Noticed Cerebale the pandemonium lord
 76516 | D:$      | Escaped with the Orb!

Illustrated notes

Levels and vault maps discovered:
D:1:      dpeg_arrival_rooms_a, layout_loops_ring
D:2:      layout_loops_ring, basic_altar, corexii_item_surrounded_by_moat,
          minmay_misc_feat_tower, uniq_sigmund
D:3:      layout_basic
D:4:      minmay_spotlight, layout_cave_pools, uniq_pargi
D:5:      layout_basic, minmay_temple_entry_butterflies, st_stairs_9,
          minmay_misc_feat_roman, nrook_pool_corridor,
          minmay_hollow_rounded_squares
D:6:      layout_basic, elyvilon_altar_5, dreamdust_gnoll_farm, uniq_edmund
D:7:      layout_loops_ring, minitemple, serial_shops, shop_statue, shop,
          nicolae_shop_bloodbath_and_beyond, shop, grunt_decor_resistance,
          eino_jars
D:8:      layout_rooms, grunt_qazlal_sundering, gammafunk_ghost_cemetery
D:9:      layout_loops_corners, minivault_11, introduction_to_nature_2
D:10:     layout_basic, slow_altar_1, dpeg_oklobed_lair,
          minmay_orc_entry_temple_small, minmay_microvault
D:11:     layout_roguey, serial_bayou_pond_d, minmay_misc_feat_tiny,
          bloody_makhleb, uniq_fannar, uniq_lodul
D:12:     layout_grid_maze, uniq_jorgrun
D:13:     layout_loops_ring, ximxim_vaults_locker_room
D:14:     layout_loops_cross, nicolae_integral_box
D:15:     hangedman_depths_entry_civil_slaughter, layout_loops_ring,
          hangedman_decor_clover_reticule
Temple:   compressed_dpeg_triangle_lava_temple
Lair:1:   layout_loops_ring, grunt_megastairs_4
Lair:2:   layout_roguey, guppyfry_snake_entry_garden, minivault_19,
          grunt_megastairs_2, lemuel_fruit_tree
Lair:3:   layout_roguey, nicolae_shoals_entry_roost,
          maelrawn_ghost_gauntlet_escape
Lair:4:   layout_misc_corridors, ice2_lemuel, infiniplex_staircase_pool
Lair:5:   due_jungle_book, layout_misc_corridors, minmay_slime_entry_pillars,
          grunt_megastairs_1
Shoals:1: layout_shoals, uniq_donald
Shoals:2: layout_shoals, uniq_frances, uniq_polyphemus
Shoals:3: layout_shoals, serial_shops, shop, ebering_ghost_rock_garden
Shoals:4: shoals_end_hangedman, layout_shoals, hangedman_shoal_volcano
Snake:1:  layout_grid_shapes, serial_bayou_pond_d, nicolae_triple_integral
Snake:2:  layout_grid_maze
Snake:3:  layout_rooms
Snake:4:  johnstein_snake_rune_scales, layout_chambers, special_room
Orc:1:    minmay_goldmine, layout_diamond_mine, uniq_josephine, uniq_sonja
Orc:2:    st_orc_pillars, layout_caves, serial_shops, shop_fountains, shop,
          nicolae_shop_tiny_waterfront, shop, nicolae_shop_just_a_little_nook,
          uniq_erolcha
Elf:1:    eino_elf_arrival_sip, layout_rooms, serial_shops, bzr_entry_islet,
          hangedman_elven_crosses_minicolossus, nicolae_elf_blasts_and_bolts,
          minmay_shoptagon, uniq_aizul
Elf:2:    nicolae_elf_blades_crystal_corner, layout_loops_cross, basic_altar
Elf:3:    minmay_elf_hall_hex, layout_loops_ring, uniq_asterion
Vaults:1: v_misc_13, nicolae_vaults_little_squares_2, v_alt_pattern_3,
          nicolae_vaults_more_shelving_1, vaults_room_grid,
          nicolae_vaults_holding_cells, nicolae_vaults_asterisk,
          nicolae_vaults_tetromino_L_1, nicolae_vaults_heart-shaped_vault,
          layout_vaults_omnigrid
Vaults:2: hangedman_vaults_hard_town_square, minmay_crypt_entry_simple_statues,
          ontoclasm_vaults_ring_square, nicolae_vaults_big_ls,
          nicolae_vaults_trapezoid_lopsided_3, vaults_room_octagon, v_misc_29,
          ontoclasm_vaults_fault, vaults_room_grid, vaults_dpeg_ring,
          ontoclasm_vaults_ligature, nicolae_vaults_diamond_1,
          layout_vaults_omnicross, serial_shops, nicolae_shop_stone
Vaults:3: serial_library_hellmonk_reading_circle, nicolae_vaults_three_branches,
          nicolae_vaults_taking_the_gang_shopping, vaults_room_mumra_shop_pool,
          v_pattern_2, nicolae_vaults_twisting_passages,
          nicolae_vaults_closet_pinwheel_4, nicolae_vaults_door_testing_chamber,
          layout_vaults_big_room, serial_shops, shop
Vaults:4: v_misc_15, v_alt_pattern_3, nicolae_vaults_mini_display_case,
          nicolae_vaults_trapezoid_lopsided_4, nicolae_vaults_weapon_check,
          v_misc_11, v_rooms_2, vaults_mumra_minichess,
          nicolae_vaults_closet_pinwheel_5, nicolae_vaults_trapezoid_1,
          nicolae_vaults_tetromino_T_2, layout_vaults_maze_snakey, serial_shops,
          nicolae_shop_tiny_statue_garden
Vaults:5: uniq_bai_suzhen, uniq_margery
Crypt:1:  layout_chaotic_city
Crypt:2:  layout_gridlike, gammafunk_ghost_spectres, st_stairs_5, uniq_frederick
Crypt:3:  due_elkab, layout_chaotic_city, tomb_entry_shell_bobbens, minivault_27
Depths:1: layout_cave_pools, serial_shops, shop, nrook_campfire, hell_entry,
          nicolae_gozag_zags_fifth_avenue, uniq_boris
Depths:2: minmay_connected_triangles_in_corner, layout_cave_pools,
          serial_bayou_pond_d, pan_entry, special_room
          [special_room_magic_class], hell_entry
Depths:3: minmay_broken_ring, layout_gridlike, serial_glass, glass_columns_a,
          glass_columns_a, minmay_room_of_horrors,
          minmay_misc_feat_four_crosses, hangedman_geh_valley,
          infiniplex_staircase_x
Depths:4: grunt_crosshair, layout_basic, enter_ziggurat_a, abyss_entry,
          serial_shops, nicolae_square_shop, minmay_misc_feat_cross, hell_entry,
          minmay_fractal_squares_gapless_7
Hell
Zot:1:    kennysheep_blocky_room, layout_cathedral_of_symmetry, st_stairs_9,
          regret_index_zotdec_dark_gr, hangedman_xom_zot_hilarity
Zot:2:    layout_gridlike, regret_index_zotdec_iron_s
Zot:3:    nicolae_zot_stationary_front, layout_gridlike, grunt_ministairs_9,
          zot_minivault_5, uniq_grunn
Zot:4:    lemuel_firehouse, layout_onion_interference,
          ebering_ghost_rock_garden, uniq_vv
Zot:5:    layout_misc_corridors

Skill      XL: |  1  2  3  4  5  6  7  8  9 10 11 12 13 14 15 16 17 18 19 20 21 22 23 24 25 26 |
---------------+-------------------------------------------------------------------------------+-----
Axes           | 3 4 5 6 8 9 10 11 12 13 14 16 17 18 19 20 21 22 24 | 24.2
Shields        | 4 5 7 9 10 12 13 14 16 17 18 19 20 21 22 23 24 | 24.6
Fighting       | 4 5 7 9 10 12 13 14 16 17 18 19 20 21 22 23 24 | 24.7
Armour         | 4 5 7 9 10 12 13 14 16 17 18 19 20 21 22 23 24 | 24.6
Short Blades   | 4 7 10 | 10.0
Invocations    | 2 5 8 9 10 12 13 14 15 16 18 19 | 19.1
Dodging        | 12 16 19 | 19.2
Evocations     | 4 9 12 13 | 13.0

Action                     |  1- 3 |  4- 6 |  7- 9 | 10-12 | 13-15 | 16-18 | 19-21 | 22-24 | 25-27 || total
---------------------------+-------+-------+-------+-------+-------+-------+-------+-------+-------++-------
  Melee: War axe           |    61 |    80 |    22 |       |       |       |       |   944 |       ||  1107
         Headbutt          |     6 |    14 |    38 |   145 |   388 |   354 |   384 |   473 |   390 ||  2192
         Trident           |       |       |   117 |       |       |       |       |       |       ||   117
         Flail             |       |       |    95 |   266 |       |       |       |       |       ||   361
         Rapier            |       |       |       |   289 |   291 |       |       |       |       ||   580
         Broad axe         |       |       |       |       |  1011 |  1196 |  1267 |   388 |  1034 ||  4896
         Unarmed           |       |       |       |       |       |       |    11 |       |       ||    11
 Invoke: Donate Gold       |       |       |     1 |       |       |       |       |       |       ||     1
         Summon Divine War |       |       |       |       |       |     2 |       |     8 |     2 ||    12
         Brand Weapon With |       |       |       |       |       |       |     1 |       |       ||     1
  Evoke: Wand              |       |       |       |       |       |       |     2 |       |     2 ||     4
    Use: Scroll            |       |     9 |       |    12 |     6 |    13 |    11 |    14 |     7 ||    72
         Potion            |       |     1 |       |       |     2 |     4 |     2 |     3 |    10 ||    22
 Armour: Scale mail        |    35 |    55 |   166 |    37 |       |       |       |       |       ||   293
         Plate armour      |       |       |       |   400 |   742 |   678 |   622 |   554 |       ||  2996
         Skin              |       |       |       |       |       |       |     2 |       |       ||     2
         Gold dragon scale |       |       |       |       |       |       |       |    43 |   466 ||   509
  Dodge: Dodged            |    39 |    37 |    79 |   115 |   186 |   142 |   212 |   248 |   205 ||  1263
  Block: Buckler           |    13 |    12 |    48 |    79 |       |       |       |       |       ||   152
         Kite shield       |       |       |       |    46 |       |       |       |       |       ||    46
         Tower shield      |       |       |       |    46 |  1470 |  1409 |  1266 |  1243 |   960 ||  6394
         Reflection        |       |       |       |       |    25 |   177 |   106 |    16 |    25 ||   349
         Other             |       |       |       |       |       |       |     1 |       |       ||     1
